 Dungeon Crawl Stone Soup version 0.31-a0-256-g80acddb972 (webtiles) character file.

Game seed: 10351766503330447053

21835 Morbidden the Grappler (level 12, -1/45 HPs)
             Began as a Grey Draconian Shapeshifter on July 13, 2023.
             Was a High Priest of Cheibriados.
             Slain by a skyshark (14 damage)
             ... on level 3 of the Lair of Beasts.
             The game lasted 00:20:36 (11720 turns).

Morbidden the Grappler (DrSh)                      Turns: 11720, Time: 00:20:37

Health: -1/45      AC: 24    Str: 47    XL:     12   Next: 57%
Magic:  11/16      EV: 13    Int: 21    God:    Cheibriados [*****.]
Gold:   749        SH:  0    Dex: 24    Spells: 11/11 levels left

rFire   . .          .
                       - Unarmed
rCold   . . .        U - melded +0 kite shield
rNeg    . . .        (body armour unavailable)
rPois   +            (helmet currently unavailable)
rElec   .            (cloak currently unavailable)
rCorr   .            (gloves currently unavailable)
SInv    .            (boots currently unavailable)
Will    +....        G - amulet of regeneration
Stlth   +++          m - +4 ring of slaying
HPRegen 1.07/turn    u - ring of willpower
MPRegen 0.15/turn

%: no passive effects
@: dragon-form, flying, very slow
A: dragon claw, dragon scales, flying, reduced hp, AC +13, amphibious, giant,
unfitting armour, (cold-blooded)
a: Renounce Religion, Bend Time, Temporal Distortion, Slouch, Step From Time


You were on level 3 of the Lair of Beasts.
You worshipped Cheibriados.
Cheibriados was extremely pleased with you.
You were a fearsome iron dragon!
You visited 3 branches of the dungeon, and saw 14 of its levels.

You collected 749 gold pieces.

Inventory:

Missiles
 f - 4 boomerangs
 g - 32 stones (quivered)
 I - 5 silver boomerangs
 M - 6 curare-tipped darts
 X - a throwing net
Armour
 h - a scarf of repulsion
 i - a +0 pair of gloves
 v - a +0 cloak
 U - a +0 kite shield (melded)
Jewellery
 m - a +4 ring of slaying (left foreclaw)
 p - a ring of magical power
 u - a ring of willpower (right foreclaw)
 y - a ring of wizardry
 z - a ring of protection from fire
 E - an amulet of the acrobat
 G - an amulet of regeneration (around neck)
 H - an amulet of reflection
 S - a ring of resist corrosion
 W - an amulet of magic regeneration
 Y - a ring of protection from cold
Talismans
 b - a beast talisman
 n - a serpent talisman
 B - a dragon-blood talisman
Wands
 t - a wand of light (8)
 A - a wand of paralysis (2)
 F - a wand of flame (15)
 J - a wand of mindburst (14)
 K - a wand of polymorph (2)
Scrolls
 c - 3 scrolls of poison
 d - a scroll of silence
 e - 2 scrolls of teleportation
 l - 2 scrolls of enchant armour
 r - 2 scrolls of amnesia
 w - a scroll of enchant weapon
 C - a scroll of immolation
 D - 2 scrolls of fog
 N - a scroll of revelation {unknown}
 O - 3 scrolls of butterflies {unknown}
 Z - a scroll of identify
Potions
 a - 3 potions of lignification
 j - a potion of mutation {unknown}
 k - 2 potions of enlightenment {unknown}
 o - 3 potions of resistance {unknown}
 q - a potion of magic {unknown}
 s - 6 potions of might {unknown}
 x - 5 potions of curing {unknown}
 P - 2 potions of ambrosia {unknown}
 Q - a potion of heal wounds
 R - 2 potions of haste {unknown}
 T - 3 potions of brilliance {unknown}
 V - 2 potions of degeneration {unknown}


   Skills:
 * Level 8.1 Fighting
 + Level 4.2 Throwing
 * Level 7.4 Dodging
 + Level 3.8 Stealth
 + Level 3.0 Shields
 + Level 12.8 Unarmed Combat
 * Level 6.5 Invocations
 + Level 4.4 Evocations
 * Level 7.9 Shapeshifting


You had 11 spell levels left.
You didn't know any spells.
Your spell library contained the following spells:

 Spells                   Type           Power      Damage    Failure   Level
 Kiss of Death            Conj/Necr      0%         2d5       19%         1
 Necrotise                Necr           0%         1d4       19%         1
 Confusing Touch          Hex            0%         N/A       47%         3
 Frozen Ramparts          Ice            0%         1d1       47%         3
 Inner Flame              Hex/Fire       0%         N/A       47%         3
 Vampiric Draining        Necr           0%         2d6       47%         3
 Vhi's Electric Charge    Tloc/Air       0%         N/A       47%         3
 Dispel Undead            Necr           0%         3d6       87%         4
 Flame Wave               Conj/Fire      0%         2d4       87%         4
 Petrify                  Tmut/Erth      0%         N/A       87%         4
 Sticky Flame             Conj/Fire      0%         2d3       87%         4
 Agony                    Necr           0%         N/A       99%         5
 Arcjolt                  Conj/Air       0%         1d10      99%         5
 Metabolic Englaciation   Hex/Ice        0%         N/A       99%         5
 Plasma Beam              Fire/Air       0%         2x1d10    100%        6


Dungeon Overview and Level Annotations

Branches:
Dungeon (10/15)            Temple (1/1) D:6            Lair (3/5) D:8
  Swamp (0/4) Lair:2        Snake (0/4) Lair:2          Orc (0/2) D:10

Altars:
Ashenzari
Cheibriados
Dithmenos
Elyvilon
Fedhas
Gozag
Hepliaklqana
Kikubaaqudgha
Makhleb
Nemelex Xobeh
Okawaru
Qazlal
Ru
Sif Muna
Trog
Uskayaw
Vehumet
Wu Jian
Xom
Yredelemnul
Zin
The Shining One

Shops:
D:2 (   D:8 (

Annotations:
D:4 1 runed translucent door, MrAu's ghost, amateur MfGl


Innate Abilities, Weirdness & Mutations

You are a fearsome iron dragon!
You have a powerful clawing attack.
Your giant scaled body is strong and resiliant, but less evasive.
You are flying.
Your maximum health is decreased, since you lack skill for your form.
Your armour is entirely melded.
You are incapable of wielding weapons or throwing items.
Your dull iron-grey scales are very hard. (AC +13)
You are amphibious.
You cannot fit into any form of body armour.
((You are cold-blooded and may be slowed by cold attacks.))


Message History

The wolf howls!
You maul the wolf!!!!
You kill the wolf!
Cheibriados thoroughly appreciates the change of pace.
You hit the wolf. You bite the wolf, but do no damage.
The wolf is lightly wounded.
The wolf bites you but does no damage.
You bite the wolf!!
You kill the wolf!
Cheibriados thoroughly appreciates the change of pace.
You closely miss the wolf. You tail-slap the wolf!
The wolf is moderately wounded.
The wolf completely misses you. The wolf closely misses you.
You bite the wolf!!
You kill the wolf!
Cheibriados thoroughly appreciates the change of pace.
No target in view!
Things that are here:
a wolf corpse; a wolf corpse; a wolf corpse
E - an amulet of the acrobat A skyshark comes into view.
Found 3 poisoned darts.
A skyshark is nearby!
The skyshark bites you!
The skyshark tastes blood and grows stronger!
The skyshark misses you. The skyshark closely misses you.
The skyshark barely misses you. The skyshark tail-slaps you.
The skyshark barely misses you.
You barely miss the skyshark. The skyshark bites you.
The skyshark enters a blood-rage!
The skyshark tail-slaps you. The skyshark tail-slaps you!
* * * LOW HITPOINT WARNING * * *
Unknown command.
Okay, then.
Activating: Slouch (10% risk of failure)
Press: ? - help, Dir - look around, f - activate You can feel time thicken for a moment.
Cheibriados lowers the support of your attributes as your movement quickens.
The skyshark bites you!
You die...

#..# ##..#
#P..######
#....#...#.
##..........
##....P##...
#.....##
..####.....#
.......D...#
.......l...#
.......=...#
...........#
....(......#
............
.............
######P#..####


You could see a skyshark (berserk).

Vanquished Creatures
  Harold (D:10)
  A boulder beetle (Lair:1)
  6 death yaks (Lair:2)
  A two-headed ogre (D:8)
  Sonja (Lair:1)
  2 bog bodies (Lair:2)
  Joseph (Lair:1)
  3 black mambas
  4 cane toads
  A rime drake (Lair:1)
  5 komodo dragons
  A troll (D:10)
  A hornet (D:5)
  Prince Ribbit (D:7)
  4 blink frogs (Lair:2)
  Sigmund (D:6)
  19 yaks
  Grum (Lair:1)
  3 steam dragons
  3 nagas (Lair:2)
  Menkaure (D:7)
  10 water moccasins
  2 orc warriors
  Duvessa (D:6)
  A sky beast (D:6)
  2 black bears
  17 wolves
  2 centaurs
  3 kobold brigands
  2 scorpions (D:5)
  8 bullfrogs
  2 gnoll sergeants (D:9)
  10 wights
  Dowan (D:6)
  5 howler monkeys
  An electric eel (Lair:2)
  A hound (D:7)
  8 orc priests
  2 jellies (D:6)
  A gnoll bouda (D:7)
  A scorpion zombie (D:3)
  2 sleepcaps (D:5)
  Natasha (thrice) (D:3 D:2)
  11 orc wizards
  A hound skeleton (D:3)
  10 gnolls
  10 adders
  A howler monkey skeleton (D:3)
  An adder skeleton (D:3)
  An adder zombie (D:3)
  2 dart slugs (D:1)
  A worm (D:2)
  42 orcs
  7 ball pythons
  11 bats
  5 endoplasms
  3 giant cockroaches
  10 goblins
  8 hobgoblins
  5 jackals
  21 kobolds
  5 quokkas
  A ball python skeleton (D:3)
  2 frilled lizards
  10 rats
  A butterfly (Lair:1)
315 creatures vanquished.

Notes
Turn   | Place    | Note
-------+----------+-------------------------------------------
     0 | D:1      | Morbidden the Draconian Shapeshifter began the quest for
                  | the Orb.
     0 | D:1      | Reached XP level 1. HP: 17/17 MP: 1/1
    47 | D:1      | Reached XP level 2. HP: 10/24 MP: 2/2
   367 | D:1      | Reached XP level 3. HP: 28/29 MP: 3/3
   921 | D:2      | Found Feujaryu's Weapon Shoppe.
   986 | D:2      | Found a shadowy altar of Dithmenos.
  1001 | D:2      | Reached XP level 4. HP: 32/37 MP: 4/4
  1361 | D:3      | Reached skill level 3 in Unarmed Combat
  1435 | D:3      | Noticed Natasha
  1442 | D:3      | Killed Natasha
  1448 | D:3      | Reached XP level 5. HP: 24/42 MP: 5/5
  1652 | D:3      | Identified the +7 dagger of Misery {pain, Drain Int+3 SInv
                  | Stlth+}
  1668 | D:3      | Noticed Natasha
  1674 | D:3      | Killed Natasha
  1800 | D:3      | Noticed Natasha
  1815 | D:2      | Killed Natasha
  1965 | D:3      | Reached XP level 6. HP: 23/50 MP: 6/6
  2882 | D:4      | Found a runed translucent door.
  2910 | D:4      | Noticed MrAu's ghost (amateur MfGl)
  3158 | D:5      | Entered Level 5 of the Dungeon
  3171 | D:5      | Reached skill level 1 in Throwing
  3206 | D:5      | Noticed a hornet
  3219 | D:5      | Killed a hornet
  3220 | D:5      | Reached skill level 1 in Stealth
  3220 | D:5      | Reached skill level 4 in Unarmed Combat
  3220 | D:5      | Reached skill level 5 in Shapeshifting
  3220 | D:5      | Your scales start taking on a dull iron-grey colour.
  3220 | D:5      | Reached XP level 7. HP: 57/57 MP: 7/7
  3911 | D:5      | Reached skill level 5 in Unarmed Combat
  4133 | D:6      | Reached XP level 8. HP: 60/66 MP: 8/8
  4266 | D:6      | Reached skill level 1 in Evocations
  4272 | D:6      | Reached skill level 6 in Unarmed Combat
  4556 | D:6      | Noticed Sigmund
  4565 | D:6      | Noticed Duvessa
  4568 | D:6      | Noticed Dowan
  4788 | D:6      | Found a staircase to the Ecumenical Temple.
  4800 | Temple   | Entered the Ecumenical Temple
  5044 | Temple   | Became a worshipper of Cheibriados the Contemplative
  5285 | D:7      | Noticed Prince Ribbit
  5308 | D:7      | Killed Prince Ribbit
  5309 | D:7      | Reached XP level 9. HP: 38/72 MP: 9/9
  5634 | D:7      | Noticed Menkaure
  5637 | D:7      | Killed Menkaure
  5638 | D:7      | Reached skill level 7 in Unarmed Combat
  5638 | D:7      | Reached skill level 1 in Invocations
  6032 | D:7      | Found a shadowy altar of Dithmenos.
  6033 | D:7      | Found a broken altar of Ashenzari.
  6086 | D:7      | Found a shimmering blue altar of Sif Muna.
  6343 | D:8      | Found a staircase to the Lair.
  6408 | D:8      | You fall into a shaft and drop 2 floors!
  6408 | D:10     | Entered Level 10 of the Dungeon
  6895 | D:8      | Found an opulent altar of Gozag.
  6946 | D:8      | Found Wuraestre's Weapon Shoppe.
  6970 | D:8      | Reached * piety under Cheibriados
  6971 | D:8      | Reached skill level 5 in Fighting
  7039 | D:8      | Noticed a two-headed ogre
  7047 | D:8      | Killed a two-headed ogre
  7048 | D:8      | Reached skill level 5 in Dodging
  7048 | D:8      | Reached skill level 8 in Unarmed Combat
  7156 | D:8      | Reached XP level 10. HP: 81/81 MP: 11/11
  7657 | D:9      | Reached ** piety under Cheibriados
  7696 | D:9      | Reached skill level 9 in Unarmed Combat
  8376 | D:10     | Noticed Harold
  8422 | D:10     | Reached *** piety under Cheibriados
  8430 | D:10     | Found a staircase to the Orcish Mines.
  8534 | D:10     | Identified the +7 war axe of Paper {freeze, Str+5}
  8665 | D:10     | Killed Harold
  9028 | D:6      | Killed Duvessa
  9033 | D:6      | Killed Sigmund
  9102 | D:6      | Killed Dowan
  9128 | D:6      | Reached skill level 10 in Unarmed Combat
  9329 | Lair:1   | Entered Level 1 of the Lair of Beasts
  9416 | Lair:1   | Noticed a cane toad
  9422 | Lair:1   | Reached **** piety under Cheibriados
  9431 | Lair:1   | Killed a cane toad
  9468 | Lair:1   | Noticed a cane toad
  9468 | Lair:1   | Noticed Sonja
  9471 | Lair:1   | Killed a cane toad
  9472 | Lair:1   | Reached XP level 11. HP: 89/89 MP: 13/13
  9472 | Lair:1   | Killed Sonja
  9477 | Lair:1   | Noticed Grum
  9481 | Lair:1   | Reached skill level 11 in Unarmed Combat
  9488 | Lair:1   | Killed Grum
  9665 | Lair:1   | Noticed a boulder beetle
  9674 | Lair:1   | Killed a boulder beetle
  9686 | Lair:1   | Reached skill level 1 in Shields
  9785 | Lair:1   | Reached skill level 5 in Invocations
  9825 | Lair:1   | Noticed Joseph
  9832 | Lair:1   | Killed Joseph
 10384 | Lair:2   | Reached ***** piety under Cheibriados
 10545 | Lair:2   | Noticed a death yak
 10546 | Lair:2   | Noticed a death yak
 10547 | Lair:2   | Noticed a death yak
 10547 | Lair:2   | Noticed a death yak
 10547 | Lair:2   | Noticed a death yak
 10547 | Lair:2   | Noticed a death yak
 10553 | Lair:2   | Killed a death yak
 10556 | Lair:2   | Killed a death yak
 10557 | Lair:2   | Reached skill level 12 in Unarmed Combat
 10562 | Lair:2   | Killed a death yak
 10563 | Lair:2   | Reached XP level 12. HP: 68/100 MP: 16/16
 10568 | Lair:2   | Killed a death yak
 10569 | Lair:2   | Killed a death yak
 10570 | Lair:2   | Killed a death yak
 10972 | Lair:2   | Found the +16 obsidian axe {drain, demonic, Mesm Drain Fly
                  | SInv}
 11116 | Lair:2   | Found a staircase to the Snake Pit.
 11514 | Lair:2   | Found a staircase to the Swamp.
 11720 | Lair:3   | Slain by a skyshark

Illustrated notes

Levels and vault maps discovered:
D:1:      zelgadis_glass_arrival_small, layout_basic
D:2:      layout_rooms, serial_shops, nicolae_lakefront_shop, basic_altar
D:3:      layout_loops_cross, dilly_guarded_unrand_morg
D:4:      layout_basic, ebering_ghost_sewer_d
D:5:      layout_gridville
D:6:      layout_rooms, minmay_temple_entry_drinking_statues, uniq_sigmund,
          uniq_duvessa
D:7:      layout_loops_ring, kennysheep_little_box,
          gammafunk_temple_overflow_statue, uniq_prince_ribbit1, uniq_menkaure
D:8:      layout_loops_corners, nicolae_gozag_seed_capital, dpeg_oklobed_lair,
          serial_shops, shop
D:9:      layout_grid_maze, item_on_display_a
D:10:     layout_irregular_city, hiddenorc2_lemuel, uniq_harold
Temple:   dpeg_five_rooms_temple
Lair:1:   layout_loops_ring, serial_forest, infiniplex_forest_straight_2,
          infiniplex_forest_straight_4, infiniplex_forest_clump_curved,
          infiniplex_forest_corner_1, infiniplex_forest_lined_3,
          lemuel_fruit_fields, grunt_megastairs_5, uniq_sonja, uniq_joseph,
          uniq_grum
Lair:2:   layout_roguey, nicolae_swamp_entry_splash_gauntlet,
          nicolae_snake_entry_squirm
Lair:3:   layout_chaotic_city, serial_bayou_shore_b

Skill      XL: |  1  2  3  4  5  6  7  8  9 10 11 12 |
---------------+-------------------------------------+-----
Dodging        | 2 3 4 5 6 7 |  7.4
Unarmed Combat | 3 4 5 6 8 10 12 | 12.8
Shapeshifting  | 4 5 6 7 |  7.9
Fighting       | 3 4 5 6 7 8 |  8.1
Throwing       | 1 2 3 4 |  4.2
Stealth        | 1 2 3 |  3.8
Evocations     | 2 3 4 |  4.4
Invocations    | 2 3 5 6 |  6.5
Shields        | 2 3 |  3.0

Action                     |  1- 3 |  4- 6 |  7- 9 | 10-12 || total
---------------------------+-------+-------+-------+-------++-------
  Melee: Unarmed           |   113 |   132 |   176 |   353 ||   774
         Tailslap          |    13 |     9 |    24 |    64 ||   110
         Punch             |     2 |     2 |     7 |    10 ||    21
         Constrict         |       |       |       |     3 ||     3
         Bite              |       |       |       |     2 ||     2
  Throw: Stone             |     4 |    36 |    21 |    19 ||    80
         Dart              |       |       |       |     2 ||     2
 Invoke: Slouch            |       |       |       |     2 ||     2
  Evoke: Wand              |       |     1 |     7 |     5 ||    13
    Use: Potion            |       |     1 |     2 |       ||     3
         Scroll            |       |       |     5 |    12 ||    17
   Stab: Invisible         |       |     1 |     1 |       ||     2
         Sleeping          |       |       |     2 |     4 ||     6
 Armour: Skin              |    38 |    51 |   100 |    95 ||   284
  Dodge: Dodged            |    72 |    69 |    85 |   229 ||   455
  Block: Kite shield       |       |       |       |    70 ||    70
   Form: Anaconda          |       |       |     1 |     2 ||     3
         Beast             |       |       |     1 |     2 ||     3
         Dragon            |       |       |       |     3 ||     3

Table legend: (Time is in decaauts)
 A = Elapsed time spent in this place.
 B = Non-inter-level travel time spent in this place.
 C = Inter-level travel time spent in this place.
 D = Time resting spent in this place.
 E = Time spent auto-exploring this place.
 F = Levels seen in this place.
 G = Mean time per level.
                   A        B        C        D        E       F      G
               +--------+--------+--------+--------+--------+-----+--------+
         Total |  14260 |  13358 |    902 |   2050 |   8971 |  14 | 1018.6 |
       Dungeon |  10394 |   9728 |    666 |   1572 |   6467 |  10 | 1039.4 |
        Temple |    291 |    216 |     75 |      0 |    200 |   1 |  291.0 |
          Lair |   3574 |   3413 |    161 |    478 |   2304 |   3 | 1191.3 |
               +--------+--------+--------+--------+--------+-----+--------+

Top non-repeatable levels by time:
  Lair:2: 1770 daAuts
  Lair:1: 1603 daAuts
    D:10: 1431 daAuts
     D:7: 1356 daAuts
     D:6: 1317 daAuts
     D:8: 1257 daAuts
     D:3: 1218 daAuts
     D:9: 964 daAuts
     D:5: 909 daAuts
     D:1: 774 daAuts
     D:2: 594 daAuts
     D:4: 571 daAuts
  Temple: 291 daAuts
  Lair:3: 200 daAuts
